Unix NetHack Version 5.0.0-0 post-release - last build May 23 2026 06:08:33 (1c0ff79ee797540d5714e4e18072db0edd9e58ae,branch:main).

Game began 2026-05-27 17:53:01, ended 2026-05-28 23:09:04.

ArrBianca, lawful female dwarven Archeologist

    *
      --------
     #........###########-------------
  $  #|......|          #-............#####0
     #|......-#         #|..>......).|
     #|......|#          |...........|     $
     #--------#          --------.----               -- 0
     ##       #                  ##               -[ .--
      #       #                   #            ##..?....
      #       # $                 #)###        #  -$ .--
      #       #                   ----|-  ######     --
      #       ###                 |.d.n-fu#
      #         #---------        |@M..|
 -----#         #|..`..).|  $     |....|
 |..<|#         #........|        ------
 |...-#  $       |....(..|   *                    $
 |...|           |......(|                 $
 |.!.|   *       ---------               $   $
 -----                        *                               $

ArrBianca the Investigator  St:11 Dx:11 Co:15 In:16 Wi:15 Ch:3  Lawful
Dlvl:6  $:30 HP:0(53) Pw:22(22) AC:7  Xp:6 T:5225 

Latest messages:
 The iron piercer misses the dog.
 You miss the iron piercer.
 The dog bites the iron piercer.
 The iron piercer bites the dog.
 You kill the iron piercer!
 You swap places with your dog.
 That door is closed.
 This door is locked.
 This door is locked.
 In what direction? l
 Whammm!!
 Whammm!!
 Whammm!!
 As you kick the door, it crashes open!
 The snake bites!
 You miss the snake.
 The snake bites!
 You lash the snake!
 The snake bites!
 You miss the snake.
 The snake bites!
 You lash the snake.
 The snake bites!
 You miss the snake.
 The snake bites!
 The snake's bite was poisoned!
 The snake bites!
 You miss the snake.
 The snake bites!
 You swap places with your dog.
 What do you want to drink? [qrz or ?*] r
 You detect the presence of objects.
 (For instructions type a '?')
 Done.
 What do you want to drink? [qz or ?*] q
 Yecch!  This stuff tastes like poison.
 You break out in hives.
 You hear the wailing of the Banshee...
 The dog bites the snake.
 The snake bites the dog.
 You kill the snake!
 You see here a snake corpse.
 What do you want to use or apply? [af-hlouY or ?*] f
 There is a snake corpse here; tin it? [ynq] (n) y
 H - a tin of snake meat.
 You stop searching.
 You lash the orc mummy!
 The orc mummy hits!
 You die...
 Do you want your possessions identified? [ynq] (y) q

Inventory:
 Coins    ('$')
  $ - 30 gold pieces
 Weapons  (')')
  G - a +0 dagger (at the ready)
  a - a +2 bullwhip (weapon in right hand)
  O - a +0 scimitar
 Armor    ('[')
  c - an uncursed +2 fedora (being worn)
  p - an uncursed +0 dwarvish cloak (being worn)
  b - an uncursed +0 leather jacket (being worn)
 Comestibles  ('%')
  x - an uncursed food ration
  H - an uncursed homemade tin of snake meat
  A - an uncursed homemade tin of wererat meat
  v - an uncursed lichen corpse
 Scrolls  ('?')
  D - a blessed scroll of blank paper
  C - 2 uncursed scrolls of blank paper
  M - 2 blessed scrolls of identify
  F - an uncursed scroll of identify
 Spellbooks  ('+')
  Y - an uncursed spellbook of teleport away
 Potions  ('!')
  z - an uncursed potion of blindness
 Rings    ('=')
  t - a cursed +2 ring of adornment
  m - an uncursed ring of fire resistance
  k - an uncursed ring of free action
  n - an uncursed ring of shock resistance
 Tools    ('(')
  h - an empty uncursed sack
  l - an uncursed leash
  o - a cursed oil lamp
  f - a tinning kit (0:83)
  u - an uncursed towel
 Gems/Stones  ('*')
  s - an uncursed topaz stone
  i - 2 uncursed worthless pieces of blue glass
  g - an uncursed touchstone

ArrBianca the Archeologist's attributes:

Background:
 You were an Investigator, a level 6 female dwarven Archeologist.
 You were lawful, on a mission for Quetzalcoatl
 who was opposed by Camaxtli (neutral) and Huhetotl (chaotic).
 You were right-handed.
 You were in the Dungeons of Doom, on level 6.
 You entered the dungeon 5225 turns ago.
 It was nighttime.
 You had 581 experience points, 59 more were needed to attain level 7.

Basics:
 You had 0 out of 53 hit points.
 You had all 22 energy points (spell power).
 Your armor class was 7.
 Your wallet contained 30 zorkmids.
 Autopickup was on for '$?!/="+%' plus thrown, with exceptions.

Final Characteristics:
 Your strength was 11 (limit:18/100).
 Your dexterity was 11 (limit:20).
 Your constitution was 15 (limit:20).
 Your intelligence was 16 (limit:16).
 Your wisdom was 15 (peak:16, limit:16).
 Your charisma was 3 (peak:9, limit:16).

Final Status:
 You weren't hungry.
 You were unencumbered.
 You were wielding a whip.
 You were skilled in whip.

Final Attributes:
 You were piously aligned.
 Your items were somewhat protected from fire.
 Your items were somewhat protected from cold.
 You saw invisible.
 You were telepathic.
 You had automatic searching.
 You had infravision.
 You were stealthy.
 You were warded.
 You were unlucky.
 Quetzalcoatl was angry with you.
 You are dead.

Miscellaneous:
 You didn't encounter any bones levels.
 Total elapsed playing time was 43 minutes and 42 seconds.

Major events:
 Turn
    1: ArrBianca the lawful female dwarven Archeologist entered the dungeon
 1658: attained the rank of Field Worker (level 3)
 3892: attained the rank of Investigator (level 6)
 5225: killed by an orc mummy

You didn't know any spells.

Skills:
 Fighting Skills
   bare handed combat [Unskilled]
   two weapon combat  [Unskilled]
   riding             [Unskilled]
 Weapon Skills
   dagger             [Unskilled]
   knife              [Unskilled]
   pick-axe           [Basic]
   short sword        [Unskilled]
   saber              [Unskilled]
   club               [Unskilled]
   quarterstaff       [Unskilled]
   sling              [Unskilled]
   dart               [Unskilled]
   boomerang          [Unskilled]
   whip               [Skilled]
   unicorn horn       [Unskilled]
 Spellcasting Skills
   attack spells      [Unskilled]
   healing spells     [Unskilled]
   divination spells  [Unskilled]
   matter spells      [Unskilled]

Voluntary challenges:
 Character rerolling was not enabled.
 You never genocided any monsters.
 You never polymorphed an object.
 You never changed form.
 You used no wishes.
Achievements:
 You attained the rank of Field Worker.
 You attained the rank of Investigator.

 The Dungeons of Doom: levels 1 to 6
    Level 1:
       A fountain.
    Level 2:
       A fountain.
    Level 3:
       A general store.
    Level 4:
       Many altars.
    Level 5:
    Level 6: <- You were here.
       A fountain.
       Final resting place for
          you, killed by an orc mummy.


Vanquished creatures:
  a ghost
  a leprechaun
 an iron piercer
  a dingo
  2 housecats
  a snake
 an orc shaman
  a rock piercer
  a pony
  a fog cloud
  a shrieker
  a violet fungus
  a gnome leader
  a kobold mummy
  a gray ooze
  a paper golem
  a giant ant
  5 floating eyes
  a dwarf
  a homunculus
  a kobold shaman
  3 hill orcs
  a giant bat
  a monkey
 an orc zombie
  a dwarf zombie
  a wererat
  2 iguanas
 an acid blob
  a hobbit
  3 hobgoblins
  4 giant rats
  3 cave spiders
  2 yellow molds
  a green mold
  2 gnomes
  5 garter snakes
  a gnome zombie
  3 geckos
  2 jackals
  2 foxes
  2 goblins
  2 sewer rats
  4 grid bugs
  2 lichens
  a kobold zombie
  9 newts
86 creatures vanquished.

No species were genocided or became extinct.

Game over:
                       ----------
                      /          \
                     /    REST    \
                    /      IN      \
                   /     PEACE      \
                  /                  \
                  |    ArrBianca     |
                  |      30 Au       |
                  | killed by an orc |
                  |      mummy       |
                  |                  |
                  |                  |
                  |       2026       |
                 *|     *  *  *      | *
        _________)/\\_//(\/(/\)/\//\/|_)_______

Goodbye ArrBianca the Archeologist...

You died in The Dungeons of Doom on dungeon level 6 with 2823 points,
and 30 pieces of gold, after 5225 moves.
You were level 6 with a maximum of 53 hit points when you died.

